 Seeded DCSS version 0.27-a0-1193-g8631133 (webtiles) character file.

Game seed: 948035166313902534 (custom seed)

5180 brinewave the Covert (level 10, -4/56 HPs)
             Began as an Octopode Summoner on May 23, 2021.
             Was an Elder of Vehumet.
             Killed from afar by an electric eel (11 damage)
             ... with a bolt of electricity
             ... on level 10 of the Dungeon on May 25, 2021.
             The game lasted 01:19:02 (13283 turns).

brinewave the Covert (Octopode Summoner)           Turns: 13283, Time: 01:19:02

Health: -4/56      AC:  1    Str:  9    XL:     10   Next: 60%
Magic:  13/13      EV: 17    Int: 20    God:    Vehumet [****..]
Gold:   423        SH:  0    Dex: 12    Spells: 2/13 levels left

rFire    + . .     SeeInvis .   A - +9 scimitar of Viecru {vorpal, rN++ Stlth+}
rCold    + . .     Faith    .   (no shield)
rNeg     + + .     Spirit   .   (helmet restricted)
rPois    .         Reflect  .   u - amulet of the acrobat
rElec    .         Harm     .   d - ring of protection from fire
rCorr    +         Rampage  .   m - ring of resist corrosion
Will     .....                  q - ring of flight
Stlth    +++++++...             x - +4 ring of evasion
HPRegen  0.18/turn              y - ring of protection from cold
MPRegen  0.13/turn              (no ring)
                                (no ring)
                                (no ring)

@: lethally poisoned (-4 -> -13), flying
A: almost no armour, amphibious, 8 rings, camouflage 1, gelatinous body 1,
(nimble swimmer 1), tentacles
a: Renounce Religion


You were on level 10 of the Dungeon.
You worshipped Vehumet.
Vehumet was greatly pleased with you.
You visited 2 branches of the dungeon, and saw 12 of its levels.
You also visited: Ossuary.

You collected 579 gold pieces.
You spent 156 gold pieces at shops.

Inventory:

Hand Weapons
 e - a +0 hunting sling
 g - a +3 short sword of freezing
 i - a +1 short sword of protection
 l - a +2 flail of holy wrath
 A - the +9 scimitar of Viecru (weapon) {vorpal, rN++ Stlth+}
   (You found it on level 5 of the Dungeon)

   It inflicts extra damage upon your enemies.
   It greatly protects you from negative energy.
   It makes you more stealthy.
 C - a +0 shortbow
 J - a +4 trident of distortion
 R - a +1 short sword of speed
 S - a +0 vampiric hand axe
Missiles
 b - 7 javelins
 c - 390 stones
 f - 21 bolts
 h - 137 arrows
 n - 65 poisoned darts
 o - 2 throwing nets
 t - 16 boomerangs
Armour
 k - a +4 chain mail
 p - a +0 buckler
 z - a +0 buckler
Magical Staves
 I - a staff of death
Jewellery
 d - a ring of protection from fire (left tentacle)
 m - a ring of resist corrosion (right tentacle)
 q - a ring of flight (on tentacle)
 u - an amulet of the acrobat (around mantle)
 x - a +4 ring of evasion (on tentacle)
 y - a ring of protection from cold (on tentacle)
 H - a +6 ring of dexterity
Wands
 s - a wand of paralysis (5)
 K - a wand of flame (20)
Scrolls
 w - 2 scrolls of magic mapping
 D - a scroll of amnesia
 E - 4 scrolls of fear
 F - 7 scrolls of teleportation
 G - a scroll of enchant weapon
 O - 3 scrolls of identify
 P - a scroll of fog
Potions
 a - 5 potions of heal wounds
 j - 4 potions of lignification
 r - a potion of ambrosia
 v - a potion of flight
 B - a potion of curing
 L - a potion of might
 M - 3 potions of resistance
 N - a potion of brilliance


   Skills:
 - Level 4.1(5.7) Short Blades
 + Level 6.1(6.7) Long Blades
 - Level 2.0 Dodging
 + Level 11.1 Stealth
 - Level 0.1 Shields
 - Level 2.0 Spellcasting
 + Level 6.4 Conjurations
 + Level 9.0 Summonings
 - Level 3.2 Fire Magic


You had 2 spell levels left.
You knew the following spells:

 Your Spells              Type           Power      Damage    Failure   Level
a - Summon Small Mammal   Summ           100%       N/A       1%          1
b - Call Imp              Summ           38%        N/A       1%          2
c - Call Canine Familiar  Summ           38%        N/A       1%          3
d - Foxfire               Conj/Fire      84%        2x1d8     1%          1
e - Sticky Flame          Conj/Fire      21%        2d4       6%          4

Your spell library contained the following spells:

 Spells                   Type           Power      Damage    Failure   Level
 Yara's Violent Unravell  Hex/Tmut       1%         3d3       69%         5
 Magic Dart               Conj           100%       1d8       1%          1
 Corona                   Hex            2%         N/A       16%         1
 Blink                    Tloc           N/A        N/A       24%         2
 Ensorcelled Hibernation  Hex/Ice        4%         N/A       24%         2
 Slow                     Hex            2%         N/A       24%         2
 Conjure Flame            Conj/Fire      21%        6-21      1%          3
 Dazzling Flash           Conj/Hex       28%        N/A       3%          3
 Mephitic Cloud           Conj/Pois/Air  10%        N/A       5%          3
 Summon Guardian Golem    Hex/Summ       20%        N/A       8%          3
 Summon Ice Beast         Ice/Summ       20%        N/A       24%         4
 Summon Lightning Spire   Summ/Air       20%        N/A       24%         4
 Confusing Touch          Hex            2%         N/A       43%         3
 Tukima's Dance           Hex            2%         N/A       43%         3


Dungeon Overview and Level Annotations

Branches:
Dungeon (10/15)            Temple (0/1) D:7             Orc (2/2) D:9
Ossuary (visited)
   Lair: D:8-11         Elf: Orc:2

Altars:
Ashenzari
Cheibriados
Fedhas
Gozag
Hepliaklqana
Makhleb
Nemelex Xobeh
Qazlal
Vehumet
Xom
The Shining One
Beogh

Shops:
D:7 [   D:8 =:?[

Annotations:
D:7 Skitler's ghost, novice BaCK


Innate Abilities, Weirdness & Mutations

You cannot wear most types of armour.
You are amphibious.
You can wear up to eight rings at the same time.
Your skin changes colour to match your surroundings (Stealth+).
Your rubbery body absorbs attacks. (AC +1, EV +1)
((You are camouflaged near water. (Stealth+)))
You have tentacles for arms and can constrict up to eight enemies at once.


Message History

The electric eel shoots out a bolt of lightning at you!
The bolt of electricity misses you.
The kobold shouts!
An electric eel comes into view.
The kobold brigand shouts!
The kobold throws a stone.
The stone completely misses you.
The electric eel shoots out a bolt of lightning at you!
The bolt of electricity hits the electric eel.
The electric eel completely resists.
The bolt of electricity hits you.
You closely miss the electric eel. Your grab misses the electric eel.
The electric eel shoots out a bolt of lightning at you!
The bolt of electricity hits the electric eel.
The electric eel completely resists.
The bolt of electricity hits you!
The electric eel shoots out a bolt of lightning at you!
The bolt of electricity hits you!
The kobold throws a stone.
The stone barely misses you.
You barely miss the electric eel. You grab the electric eel.
You constrict the electric eel.
The kobold brigand throws a poisoned dart.
The poisoned dart closely misses you.
An electric eel comes into view.
The electric eel shoots out a bolt of lightning at you!
The bolt of electricity hits you!
The electric eel shoots out a bolt of lightning at you!
The bolt of electricity hits the electric eel.
The electric eel completely resists.
The bolt of electricity misses you.
You release your grip on the electric eel.
The electric eel shoots out a bolt of lightning at you!
The bolt of electricity hits you!
The kobold throws a stone.
The stone completely misses you.
The electric eel shoots out a bolt of lightning at you!
The bolt of electricity hits you!
* * * LOW HITPOINT WARNING * * *
There is a stone staircase leading up here.
The kobold brigand throws a poisoned dart.
The poisoned dart hits you!
You are lethally poisoned!
The electric eel shoots out a bolt of lightning at you!
The bolt of electricity hits you!
You die...

≈≈≈...........
≈≈≈≈.........
≈≈≈≈........
8≈≈≈.......
#.≈≈≈......
#8.≈≈≈...
+..>≈≈# +..@≈≈#
#8.≈≈≈# ##.;≈≈##
##8≈≈≈K#
#≈≈≈≈..#
;≈≈≈≈;;≈≈K..#
≈≈≈≈≈≈≈..K.....
................
..#.............


You could see a kobold brigand, 3 electric eels and 2 kobolds.

Vanquished Creatures
  A troll (D:9)
  Sigmund (D:6)
  A wyvern (D:9)
  A wraith (Ossuary)
  2 yaks (D:9)
  A steam dragon (D:8)
  2 water moccasins
  2 orc warriors (D:9)
  4 ice beasts
  An ogre (D:6)
  A necrophage (D:7)
  3 wolves (D:8)
  3 centaurs
  3 bullfrogs
  2 scorpions (D:5)
  A wyvern zombie (D:7)
  A water moccasin zombie (D:7)
  A wyvern skeleton (D:6)
  5 killer bees
  2 electric eels (D:8)
  A howler monkey (D:8)
  3 centaur zombies
  2 jellies
  6 orc priests
  A centaur skeleton (D:7)
  An iguana (D:6)
  Natasha (twice) (D:2)
  3 orc wizards
  A centaur simulacrum (D:7)
  A hound zombie (D:5)
  A hound skeleton (D:3)
  A killer bee simulacrum (D:8)
  5 adders
  A howler monkey skeleton (D:6)
  2 river rats (D:4)
  6 gnolls
  3 shadow imps
  5 white imps
  2 howler monkey simulacra
  2 worms
  2 dart slugs (D:4)
  33 orcs
  7 ball pythons
  2 bats
  3 endoplasms
  2 giant cockroaches
  4 hobgoblins
  6 jackals
  11 kobolds
  4 quokkas
  A frilled lizard (D:2)
  3 gnoll skeletons (Ossuary)
  11 goblins
  4 kobold skeletons (Ossuary)
  7 orc skeletons (Ossuary)
  3 rats
190 creatures vanquished.

Vanquished Creatures (collateral kills)
  A polar bear (D:8)
  A hornet (D:9)
  2 yaks
  A water moccasin (D:6)
  An orc warrior (D:9)
  An ice beast (D:5)
  An ogre (D:5)
  A phantom (D:5)
  A gnoll sergeant (D:6)
  A scorpion (D:4)
  A water moccasin zombie (D:6)
  4 killer bees
  2 howler monkeys (D:8)
  A hound (D:5)
  A jelly (D:5)
  A gnoll shaman (D:9)
  2 orc priests
  Natasha (D:2)
  2 orc wizards (D:5)
  A centaur simulacrum (D:7)
  A mummy (Ossuary)
  Robin (D:4)
  4 gnolls
  A dart slug (D:5)
  16 orcs
  An endoplasm (D:4)
  4 goblins (D:4)
  4 hobgoblins
  8 jackals
  4 kobolds (D:1)
  A quokka (D:5)
  3 ball pythons
  A frilled lizard (D:1)
  5 gnoll skeletons (Ossuary)
  A kobold skeleton (Ossuary)
  5 orc skeletons (Ossuary)
87 creatures vanquished.

Vanquished Creatures (others)
  5 foxfires (D:6)
  A plant (D:1)
6 creatures vanquished.

Grand Total: 283 creatures vanquished

Notes
Turn   | Place    | Note
-------+----------+-------------------------------------------
     0 | D:1      | brinewave the Octopode Summoner began the quest for the
                  | Orb.
     0 | D:1      | Reached XP level 1. HP: 11/11 MP: 3/3
   326 | D:1      | Reached XP level 2. HP: 13/17 MP: 3/5
   817 | D:1      | Reached skill level 3 in Stealth
  1133 | D:1      | You fall into a shaft and drop 1 floor!
  1187 | D:2      | Noticed Natasha
  1193 | D:2      | Killed Natasha
  1194 | D:2      | Reached skill level 1 in Short Blades
  1194 | D:2      | Reached XP level 3. HP: 21/21 MP: 6/6
  1344 | D:2      | Reached XP level 4. HP: 14/27 MP: 5/7
  1774 | D:2      | Found a faded altar of an unknown god.
  1791 | D:2      | Learned a level 2 spell: Call Imp
  2068 | D:3      | Found a glowing golden altar of the Shining One.
  2228 | D:3      | Found a broken altar of Ashenzari.
  2262 | D:3      | Reached skill level 4 in Stealth
  2262 | D:3      | Reached skill level 5 in Summonings
  2327 | D:3      | Found a radiant altar of Vehumet.
  2338 | D:3      | Became a worshipper of Vehumet
  3050 | D:2      | Noticed Natasha
  3055 | D:2      | Killed Natasha
  3056 | D:2      | Reached XP level 5. HP: 20/31 MP: 8/8
  3348 | D:2      | Noticed Natasha
  3354 | D:2      | Killed Natasha
  3739 | D:4      | Reached * piety under Vehumet
  3739 | D:4      | Offered knowledge of Sandblast by Vehumet.
  3745 | D:4      | Learned a level 3 spell: Call Canine Familiar
  4050 | D:4      | Reached skill level 5 in Stealth
  4166 | D:4      | Reached XP level 6. HP: 36/36 MP: 5/9
  4168 | D:4      | Found a snail-covered altar of Cheibriados.
  4173 | D:4      | Found a blossoming altar of Fedhas.
  4180 | D:4      | Identified the -6 helmet of Philately {Will- Str+6 Dex+3}
  4183 | D:4      | Found an opulent altar of Gozag.
  4477 | D:4      | Found a stormy altar of Qazlal.
  4619 | D:4      | Reached ** piety under Vehumet
  4807 | D:4      | Noticed Robin
  4809 | D:4      | Offered knowledge of Foxfire by Vehumet.
  4833 | D:4      | Killed Robin
  5026 | D:4      | Upgraded the game from 0.27-a0-1191-g601b473 to
                  | 0.27-a0-1193-g8631133
  5116 | D:5      | Entered Level 5 of the Dungeon
  5160 | D:5      | Noticed an ice beast
  5232 | D:5      | Reached skill level 6 in Stealth
  5481 | D:5      | Reached XP level 7. HP: 29/41 MP: 4/10
  5528 | D:5      | Learned a level 1 spell: Foxfire
  5711 | D:5      | Identified the +5 chain mail "Zytiseub" {rC+ rN++}
  5757 | D:5      | Reached skill level 1 in Conjurations
  5757 | D:5      | Reached skill level 1 in Fire Magic
  6471 | D:5      | Identified the +9 scimitar of Viecru {vorpal, rN++ Stlth+}
  6570 | D:5      | Offered knowledge of Dazzling Flash by Vehumet.
  6572 | D:5      | Reached XP level 8. HP: 33/46 MP: 11/11
  6837 | D:6      | Reached skill level 7 in Stealth
  6907 | D:6      | Reached skill level 1 in Long Blades
  7182 | D:6      | Reached *** piety under Vehumet
  7631 | D:6      | Noticed Sigmund
  7724 | D:6      | Killed Sigmund
  7725 | D:6      | Reached skill level 8 in Stealth
  7925 | D:7      | Reached XP level 9. HP: 23/51 MP: 12/12
  7946 | D:7      | Found a staircase to the Ecumenical Temple.
  7946 | D:7      | Found a runed translucent gate.
  7983 | D:7      | Found a shimmering altar of Xom.
  7984 | D:7      | Found a shimmering altar of Xom.
  7984 | D:7      | Found a shimmering altar of Xom.
  7984 | D:7      | Found a shimmering altar of Xom.
  7985 | D:7      | Found a shimmering altar of Xom.
  7985 | D:7      | Found a shimmering altar of Xom.
  8070 | D:7      | Found a burning altar of Makhleb.
  8121 | D:7      | Found a runed translucent gate.
  8122 | D:7      | Found a runed translucent gate.
  8162 | D:7      | Noticed Skitler's ghost (novice BaCK)
  8224 | D:7      | Found Xocsioxt's Antique Armour Shop.
  8277 | D:7      | Found a sand-covered staircase.
  8286 | Ossuary  | Entered an ossuary
  8311 | Ossuary  | Offered knowledge of Sticky Flame by Vehumet.
  8342 | Ossuary  | Learned a level 4 spell: Sticky Flame
  8438 | Ossuary  | Reached **** piety under Vehumet
  8505 | Ossuary  | Offered knowledge of Irradiate by Vehumet.
  8597 | D:7      | Reached skill level 9 in Stealth
  8889 | D:7      | HP: 1/51 [ice beast (5)]
  9556 | D:8      | Reached skill level 5 in Conjurations
  9778 | D:8      | Noticed a polar bear
  9795 | D:8      | Killed a polar bear
  9956 | D:8      | Found Awniur's Magic Scroll Boutique.
  9958 | D:8      | Found Gacosiehi's Armour Shop.
  9966 | D:8      | Bought a scroll of teleportation for 36 gold pieces
  9966 | D:8      | Bought a scroll of identify for 24 gold pieces
  9966 | D:8      | Bought a scroll of identify for 24 gold pieces
  9966 | D:8      | Bought a scroll of fog for 24 gold pieces
  9966 | D:8      | Bought a scroll of identify for 24 gold pieces
  9966 | D:8      | Bought a scroll of identify for 24 gold pieces
 10001 | D:8      | Found Daotwed's Book Emporium.
 10096 | D:8      | Reached skill level 10 in Stealth
 10116 | D:8      | Reached skill level 5 in Long Blades
 10116 | D:8      | Reached XP level 10. HP: 47/56 MP: 13/13
 10196 | D:8      | Found a hazy altar of Hepliaklqana.
 10269 | D:8      | Found Vexysk's Jewellery Boutique.
 10545 | D:8      | Found a sparkling altar of Nemelex Xobeh.
 11625 | D:9      | Found a staircase to the Orcish Mines.
 11811 | D:9      | Reached ***** piety under Vehumet
 11954 | D:9      | Offered knowledge of Yara's Violent Unravelling by Vehumet.
 11969 | D:9      | Reached skill level 11 in Stealth
 12661 | Orc:1    | Entered Level 1 of the Orcish Mines
 12712 | Orc:2    | Entered Level 2 of the Orcish Mines
 13272 | D:10     | Entered Level 10 of the Dungeon
 13283 | D:10     | Killed from afar by an electric eel

Illustrated notes

Levels and vault maps discovered:
D:1:      tarquinn_simple_flora_water_e, layout_basic,
          chequers_serial_rivers_micro_b, minmay_misc_feat_tiny,
          minmay_tetromino_t2
D:2:      layout_basic, hellmonk_ecumenical_altar_run_dry, uniq_natasha
D:3:      layout_loops_ring, ashenzari_conservatory_becter, marbit_many_paths,
          general_overflow_altar, minmay_goblin_kobold_house
D:4:      kennysheep_goblin_castle, layout_rooms, overflow_temple_1_default,
          minmay_overflow_temple_star_quad, gup_sewer_entry_spiral
D:5:      layout_loops_ring, st_stairs_4, kennysheep_generic_room_4
D:6:      layout_basic, uniq_grinder, uniq_sigmund
D:7:      layout_basic, xom_shifter_show, demons_altar,
          minmay_temple_entry_mist, lightli_ossuary_entry_decrepit_ruins,
          serial_shops, nicolae_shop_window_shopping, gammafunk_ghost_icy,
          st_stairs_5
D:8:      layout_loops_ring, lemuel_coloured_pillars_altar,
          nemelex_diamond_rough_becter, serial_shops, shop, shop_fountains,
          nicolae_shop_competitors_out_of_business, shop_statue, serial_ice,
          serial_ice_c, serial_ice_a, serial_ice_g, serial_ice_f, serial_ice_o,
          serial_ice_n, serial_ice_h, serial_ice_m, nicolae_water_bricks
D:9:      layout_roguey, david_orc_5
D:10:     lemuel_castle_with_subvaults [lemuel_castle_interior_carwin_2],
          layout_stronghold, overflow_temple_1_default, dpeg_oklobed_lair,
          chequers_serial_rivers_small_a, kennysheep_island_fort
Orc:1:    layout_diamond_mine
Orc:2:    pf_orc_diabolical, layout_caves, elves_outpost_lemuel

Skill      XL: |  1  2  3  4  5  6  7  8  9 10 |
---------------+-------------------------------+-----
Stealth        | 3 4 5 6 8 10 11 | 11.1
Short Blades   | 1 2 3 4 |  4.1
Summonings     | 5 6 7 8 9 |  9.0
Conjurations   | 1 3 5 6 |  6.4
Fire Magic     | 1 3 |  3.2
Long Blades    | 3 5 6 |  6.1
Dodging        | |  2.0
Shields        | |  0.1
Spellcasting   | |  2.0

Action                   |  1- 3 |  4- 6 |  7- 9 | 10-12 || total
-------------------------+-------+-------+-------+-------++-------
Melee: Whip              |     4 |       |       |       ||     4
       Constrict         |     6 |    19 |    31 |    20 ||    76
       Dagger            |    14 |       |       |       ||    14
       Short sword       |    10 |   122 |    28 |       ||   160
       Tentacles         |     1 |    14 |    25 |    12 ||    52
       Scimitar          |       |       |   159 |    75 ||   234
 Cast: Summon Small Mamm |    32 |     2 |     1 |       ||    35
       Call Imp          |       |    37 |    41 |    20 ||    98
       Call Canine Famil |       |       |    17 |    20 ||    37
       Foxfire           |       |       |     3 |       ||     3
       Sticky Flame      |       |       |     1 |       ||     1
  Use: Scroll            |       |     7 |     9 |     3 ||    19
 Stab: Sleeping          |     7 |    24 |    19 |     4 ||    54
       Distracted        |       |       |     1 |     1 ||     2
Armor: Skin              |     2 |     5 |     6 |     1 ||    14
Dodge: Dodged            |    18 |    93 |   148 |    74 ||   333
Block: Tower shield      |     1 |       |       |       ||     1
       Rpst.: Scimitar   |       |       |    36 |    15 ||    51

Table legend: (Time is in decaauts)
 A = Elapsed time spent in this place.
 B = Non-inter-level travel time spent in this place.
 C = Inter-level travel time spent in this place.
 D = Time resting spent in this place.
 E = Time spent auto-exploring this place.
 F = Levels seen in this place.
 G = Mean time per level.
                   A        B        C        D        E       F      G
               +--------+--------+--------+--------+--------+-----+--------+
         Total |  13326 |  13034 |    292 |   4749 |   4114 |  13 | 1025.1 |
       Dungeon |  12739 |  12447 |    292 |   4548 |   4080 |  10 | 1273.9 |
  Orcish Mines |    296 |    296 |      0 |    201 |     10 |   2 |  148.0 |
       Ossuary |    290 |    290 |      0 |      0 |     24 |   1 |  290.0 |
               +--------+--------+--------+--------+--------+-----+--------+

Top non-repeatable levels by time:
     D:8: 2145 daAuts
     D:9: 1628 daAuts
     D:4: 1535 daAuts
     D:3: 1466 daAuts
     D:5: 1436 daAuts
     D:6: 1395 daAuts
     D:1: 1299 daAuts
     D:2: 1092 daAuts
     D:7: 729 daAuts
 Ossuary: 290 daAuts
   Orc:1: 263 daAuts
   Orc:2: 32 daAuts
    D:10: 10 daAuts
